AoeStats
← oats

Arena

510759552Analyzed
1v1 RM · 11h ago on Oct 2, 2026· 47m 13s· 2 players
Game mode
Random Map
Map size
Tiny (2 player)
Population
200
Speed
Normal
Resources
Standard
Victory
Conquest
Starting age
Dark Age
Ending age
Imperial Age
RankedLock teamsTeams togetherTeam positionsShared explorationLock speedFull tech treeHidden civsTurbo modeCheats
Victory
Defeat
🇺🇸 Ethiopians · United States
706
+34
🇫🇷 Franks · France
702
-16
Placebo33
11:55 Feudal Age
10:28 Loom
14:33 Wheelbarrow
13:26 Man-at-Arms
18:57 Double-Bit Axe
21:16 Castle Age
21:22 Scale Barding Armor
23:33 Chain Barding Armor
25:48 Husbandry
27:56 Forging
31:55 Imperial Age
29:42 Hand Cart
29:48 Hand Cart
31:36 Treadmill Crane
33:03 Cavalier
34:22 Siege Engineers
35:06 Conscription
35:38 Light Cavalry
36:50 Bow Saw
36:44 Murder Holes
38:02 Chemistry
36:58 Town Watch
37:32 Stone Mining
38:18 Heavy Scorpion
40:52 Plate Barding Armor
43:09 Gold Mining
45:58 Iron Casting
45:25 Scale Mail Armor
45:51 Masonry
45:56 Fortified Wall
45:20 Long Swordsman
oats
12:04 Feudal Age
12:17 Feudal Age
16:35 Castle Age
15:30 Fletching
17:14 Double-Bit Axe
17:16 Horse Collar
17:48 Crossbowman
22:24 Bow Saw
24:28 Wheelbarrow
28:31 Hand Cart
28:31 Squires
29:19 Thumb Ring
29:31 Bodkin Arrow
29:36 Padded Archer Armor
29:50 Forging
31:02 Ballistics
30:58 Heavy Plow
34:51 Imperial Age
32:42 Forging
35:09 Gold Mining
35:34 Halberdier
36:27 Bracer
37:03 Iron Casting
36:29 Scale Mail Armor
36:47 Onager
39:07 Two-Man Saw
40:35 Chemistry
41:35 Siege Onager
43:51 Chain Mail Armor
43:52 Arbalester
47:10 Blast Furnace
46:25 Leather Archer Armor
46:41 Plate Mail Armor
Connection lost

Rejoining the realm…

Still unreachable

The connection could not be restored.

Session expired

The server has moved on; the page needs a fresh start.